 Dungeon Crawl Stone Soup version 0.21-a0-110-g8e1637b (webtiles) character file.

19 Ordine the Magician (level 2, -2/15 HPs)
             Began as a Tengu Wizard on July 10, 2017.
             Slain by an ooze (3 damage)
             ... on level 2 of the Dungeon.
             The game lasted 00:02:10 (770 turns).

Ordine the Magician (Tengu Wizard)                   Turns: 770, Time: 00:02:10

Health: -2/15      AC:  4    Str:  7    XL:     2   Next: 75%
Magic:  0/7        EV: 11    Int: 18    God:
Gold:   40         SH:  0    Dex: 12    Spells: 4/7 levels left

rFire    . . .     SeeInvis .   l - +2 dagger (venom)
rCold    . . .     Gourm    .   (no shield)
rNeg     . . .     Faith    .   f - +0 leather armour
rPois    .         Spirit   .   b - +0 hat
rElec    .         Reflect  .   (no cloak)
rCorr    .         Harm     .   e - +0 pair of gloves
MR       .....                  (boots unavailable)
Stlth    ++........             (no amulet)
HPRegen  0.05/turn              (no ring)
MPRegen  0.10/turn              (no ring)

@: very slightly contaminated
A: beak, talons 3
a: no special abilities


You were on level 2 of the Dungeon.
You were not hungry.

You visited 1 branch of the dungeon, and saw 2 of its levels.

You collected 40 gold pieces.

Inventory:

Hand Weapons
 l - a +2 dagger of venom (weapon)
Armour
 b - a +0 hat (worn)
 e - a +0 pair of gloves (worn)
 f - a +0 leather armour (worn)
Scrolls
 a - a scroll of magic mapping {unknown}
 h - 2 scrolls of remove curse {unknown}
 i - a scroll of identify {unknown}
 k - a scroll of teleportation {unknown}
Books
 c - a book of Minor Magic

   Spells                             Type                      Level
   a - Magic Dart                     Conjuration                  1
   b - Blink                          Translocation                2
   c - Call Imp                       Summoning                    2
   d - Slow                           Hexes                        2
   e - Conjure Flame                  Conjuration/Fire             3
   f - Mephitic Cloud                 Conjuration/Poison/Air       3
Comestibles
 d - a bread ration
 m - 2 fruits


   Skills:
 - Level 2.1 Dodging
 + Level 2.4 Stealth
 + Level 3.0 Spellcasting
 * Level 2.5 Conjurations
   Level 1.2 Summonings
 + Level 1.0 Translocations


You had 4 spell levels left.
You knew the following spells:

 Your Spells              Type           Power        Failure   Level  Hunger
a - Magic Dart            Conj           ##..         9%          1    None
b - Blink                 Tloc           N/A          24%         2    ##.....


Dungeon Overview and Level Annotations

Branches:
Dungeon (2/15)

Altars:

Annotations:
D:1 Natasha


Innate Abilities, Weirdness & Mutations

You have a beak for a mouth.
You have claws for feet.


Message History

Confirm with . or Enter, or press ? or * to list all spells.
Aiming: Magic Dart
Press: ? - help, Shift-Dir - straight line, f/p - ooze
Aim: an ooze (heavily wounded)
You miscast Magic Dart.
You are very lightly contaminated with residual magic.
Nothing appears to happen.
The ooze barely misses you.
The ooze jiggles.
Found 10 gold pieces.
A giant cockroach and a hobgoblin come into view.
The hobgoblin shouts!
Casting: Magic Dart
Confirm with . or Enter, or press ? or * to list all spells.
Aiming: Magic Dart
Press: ? - help, Shift-Dir - straight line, f/p - ooze
Aim: an ooze (heavily wounded)
The magic dart hits the ooze.
The ooze is heavily wounded.
The ooze hits you.
You die...

#.# #.# #.# #.#
#.# #.# #.# #J#
#@#
#....g......s..
+.##.##.#######
# #.# #.# .$#
###


You could see an ooze, a giant cockroach and a hobgoblin.

Vanquished Creatures
  5 goblins
  3 hobgoblins (D:1)
  4 kobolds (D:1)
  3 bats (D:1)
  A frilled lizard (D:1)
  2 rats (D:1)
18 creatures vanquished.

Notes
Turn   | Place    | Note
-------+----------+-------------------------------------------
     0 | D:1      | Ordine the Tengu Wizard began the quest for the Orb.
     0 | D:1      | Reached XP level 1. HP: 10/10 MP: 5/5
   237 | D:1      | Reached XP level 2. HP: 15/15 MP: 1/7
   244 | D:1      | Learned a level 2 spell: Blink
   464 | D:1      | Reached skill level 1 in Translocations
   698 | D:2      | Noticed Natasha
   706 | D:2      | Noticed a crimson imp
   711 | D:1      | Noticed a crimson imp
   734 | D:1      | Noticed a crimson imp
   770 | D:2      | Slain by an ooze

Vault maps used:
D:1:      eino_arrival_water_star
D:2:      minmay_misc_feat_doors, tso_altar, uniq_natasha

Skill      XL: |  1  2 |
---------------+-------+-----
Conjurations   | 2 |  2.5
Translocations | 1 |  1.0
Dodging        | |  2.1
Stealth        | |  2.4
Spellcasting   | |  3.0
Summonings     | |  1.2

Action                   || total
-------------------------++-------
Melee: Dagger            ||     1
       Peck              ||     1
 Cast: Magic Dart        ||    40
       Blink             ||     1
  Use: Potion            ||     1
Armor: Robe              ||     2
       Leather armour    ||     2
Dodge: Dodged            ||    17
